 Dungeon Crawl Stone Soup version 0.30.1-11-g7821555f0a (webtiles) character file.

Game seed: 10376777755590762139

13407 CrazyMind the Tainter (level 11, -1/75 HPs)
             Began as a Demonspawn Venom Mage on Nov 20, 2023.
             Was an Initiate of Gozag.
             Slain by a cane toad (16 damage)
             ... on level 1 of the Lair of Beasts on Nov 21, 2023.
             The game lasted 01:31:36 (15869 turns).

CrazyMind the Tainter (Demonspawn Venom Mage)      Turns: 15869, Time: 01:31:36

Health: -1/75      AC:  9    Str:  8    XL:     11   Next: 75%
Magic:  18/25      EV: 14    Int: 28    God:    Gozag
Gold:   3457       SH:  0    Dex: 15    Spells: 17/31 levels left

rFire   . . .        u - +2 short sword (elec)
rCold   . . .        (no shield)
rNeg    + . .        y - +2 robe {Will+}
rPois   .            (helmet unavailable)
rElec   .            V - +2 cloak {rCorr}
rCorr   +            (no gloves)
SInv    +            D - +1 pair of boots
Will    +....        (no amulet)
Stlth   ++++         h - +6 ring of intelligence
HPRegen 0.32/turn    p - ring of positive energy
MPRegen 0.19/turn

%: no passive effects
@: on blink cooldown
A: antennae 3, thin skeletal structure 1, powered by death 1
a: Renounce Religion, Potion Petition, Call Merchant, Bribe Branch


You were on level 1 of the Lair of Beasts.
You worshipped Gozag.
Gozag was most pleased with you.
You visited 3 branches of the dungeon, and saw 12 of its levels.
You also visited: Ossuary and Bailey.

You collected 3605 gold pieces.
You spent 50 gold pieces at shops.
You paid 98 gold pieces to Gozag.

Inventory:

Hand Weapons
 u - a +2 short sword of electrocution (weapon)
 A - the +2 whip of Uncomfortable Rashes {freeze, +Blink rPois rN+++ Will-}
   (You found it on level 6 of the Dungeon)

   rPois:     It protects you from poison.
   rN:        It renders you almost immune to negative energy.
   +Blink:    It lets you blink.
   Will:      It decreases your willpower.
 U - a +3 dagger
 W - a +1 short sword of flaming
Missiles
 o - 18 boomerangs (quivered)
 x - 2 throwing nets
 F - 31 poisoned darts
Armour
 y - a +2 robe of willpower (worn)
 D - a +1 pair of boots (worn)
 N - a +0 kite shield
 O - a +0 leather armour
 P - the +3 scale mail of Painted Leaves {Int+4}
   (You took it off an orc in a bailey)

   Int:       It affects your intelligence (+4).
 T - a scarf of invisibility
 V - a +2 cloak of preservation (worn)
Magical Staves
 k - a staff of poison
Jewellery
 h - a +6 ring of intelligence (left hand)
 p - a ring of positive energy (right hand)
 r - a ring of fire
 C - an amulet of guardian spirit
 J - a ring of positive energy
Wands
 b - a wand of iceblast (10)
 E - a wand of digging (4)
 H - a wand of flame (51)
 L - a wand of quicksilver (5)
 X - a wand of polymorph (3)
Scrolls
 c - 2 scrolls of torment
 d - 2 scrolls of poison
 f - 4 scrolls of immolation
 g - a scroll of amnesia
 j - 7 scrolls of teleportation
 m - 3 scrolls of fear
 n - 3 scrolls of enchant armour
 B - a scroll of blinking {unknown}
 M - 2 scrolls of enchant weapon
 Q - a scroll of identify
 R - a scroll of magic mapping
Potions
 a - a potion of lignification
 e - 8 potions of curing
 i - 2 potions of resistance
 l - a potion of cancellation
 q - 3 potions of mutation
 s - 5 potions of brilliance
 t - a potion of magic
 v - a potion of haste
 w - 6 potions of flight
 z - a potion of attraction
 G - a potion of berserk rage
 I - a potion of degeneration {unknown}
 K - 3 potions of heal wounds
 S - a potion of might {unknown}


   Skills:
 + Level 3.1 Fighting
 * Level 2.8 Short Blades
 + Level 1.5(2.1) Maces & Flails
 + Level 2.0(2.3) Staves
 + Level 1.0 Throwing
 + Level 4.5 Dodging
 * Level 5.3 Stealth
 * Level 10.6 Spellcasting
 + Level 1.8 Conjurations
 * Level 1.0 Hexes
 + Level 0.5 Translocations
 + Level 3.8 Transmutations
 * Level 1.1 Ice Magic
 + Level 3.3 Air Magic
 + Level 10.8 Poison Magic
 + Level 1.8 Evocations


You had 17 spell levels left.
You knew the following spells:

 Your Spells              Type           Power      Damage    Failure   Level
a - Sting                 Tmut/Pois      100%       1d8       1%          1
b - Poisonous Vapours     Pois/Air       100%       N/A       1%          2
c - Mephitic Cloud        Conj/Pois/Air  44%        N/A       1%          3
d - Blink                 Tloc           36%        N/A       4%          2
e - Olgreb's Toxic Radia  Pois           66%        N/A       1%          4
f - Ensorcelled Hibernat  Hex/Ice        40%        N/A       3%          2

Your spell library contained the following spells:

 Spells                   Type           Power      Damage    Failure   Level
 Wereblood                Tmut           36%        N/A       1%          2
 Passwall                 Tmut/Erth      20%        N/A       2%          2
 Swiftness                Air            33%        N/A       2%          3
 Apportation              Tloc           36%        N/A       3%          1
 Necrotise                Necr           56%        1d6       3%          1
 Summon Small Mammal      Summ           56%        N/A       3%          1
 Momentum Strike          Conj/Tloc      42%        3d9       3%          2
 Lesser Beckoning         Tloc           36%        N/A       4%          2
 Vhi's Electric Charge    Tloc/Air       50%        N/A       4%          3
 Sublimation of Blood     Necr           14%        N/A       6%          2
 Frozen Ramparts          Ice            42%        1d7       7%          3
 Tukima's Dance           Hex            20%        N/A       8%          3
 Portal Projectile        Hex/Tloc       38%        N/A       9%          3
 Call Canine Familiar     Summ           14%        N/A       12%         3
 Ice Form                 Ice/Tmut       28%        N/A       14%         4
 Leda's Liquefaction      Hex/Erth       8%         N/A       30%         4
 Passage of Golubria      Tloc           18%        N/A       30%         4
 Summon Ice Beast         Ice/Summ       17%        N/A       30%         4
 Arcjolt                  Conj/Air       14%        1d24      34%         5
 Yara's Violent Unravell  Hex/Tmut       14%        3d7       36%         5
 Plasma Beam              Fire/Air       12%        2x1d25    96%         6
 Summon Hydra             Summ           7%         N/A       100%        7


Dungeon Overview and Level Annotations

Branches:
Dungeon (10/15) Zot: 24895  Temple (1/1) D:4 Zot: 5819    Lair (1/5) D:10 Zot: 5585
Ossuary (visited)          Bailey (visited)
    Orc: D:9-12

Altars:
Ashenzari
Cheibriados
Dithmenos
Fedhas
Gozag
Hepliaklqana
Kikubaaqudgha
Makhleb
Nemelex Xobeh
Okawaru
Qazlal
Ru
Sif Muna
Trog
Uskayaw
Vehumet
Wu Jian
Xom
Yredelemnul

Shops:
D:1 *   D:8 [

Annotations:
D:4 2 transporters, vvlvvlvvl's ghost, weakling DsEE
D:5 1 runed translucent door, exclusion: ogre, otna's ghost, novice DENe
D:9 exclusion: downstairs
D:10 exclusion: vampire
Lair:1 exclusion: hydra


Innate Abilities, Weirdness & Mutations

You have a pair of large antennae on your head. (SInv)
You have a somewhat thin skeletal structure. (Dex +2, Stealth+)
You regenerate a little health from kills.


Message History

The cane toad closely misses you.
Casting: Poisonous Vapours (safe; 1% risk of failure)
Confirm with . or Enter, or press ? or * to list all spells.
Aiming: Ensorcelled Hibernation (safe; 3% risk of failure)
Press: ? - help, Shift-Dir - straight line, f - cane toad
Aim: a cane toad (moderately wounded, chance to affect: 52%)
The cane toad resists with significant effort.
The cane toad completely misses you. The cane toad stings you!!
Casting: Ensorcelled Hibernation (safe; 3% risk of failure)
Confirm with . or Enter, or press ? or * to list all spells.
Aiming: Ensorcelled Hibernation (safe; 3% risk of failure)
Press: ? - help, Shift-Dir - straight line, f/p - cane toad
Aim: a cane toad (moderately wounded, chance to affect: 52%)
The cane toad resists with significant effort.
The cane toad stings you!!
Casting: Ensorcelled Hibernation (safe; 3% risk of failure)
Confirm with . or Enter, or press ? or * to list all spells.
Aiming: Ensorcelled Hibernation (safe; 3% risk of failure)
Press: ? - help, Shift-Dir - straight line, f/p - cane toad
Aim: a cane toad (moderately wounded, chance to affect: 52%)
The cane toad looks drowsy...
The helpless cane toad fails to defend itself.
You puncture the cane toad!
The cane toad is severely wounded.
The cane toad stings you!!
* * * LOW HITPOINT WARNING * * *
Casting: Ensorcelled Hibernation (safe; 3% risk of failure)
Confirm with . or Enter, or press ? or * to list all spells.
You blink.
The cane toad closely misses you. The cane toad stings you!
* * * LOW HITPOINT WARNING * * *
You are lethally poisoned!
The cane toad poisons you!
Casting: Blink (safe; 4% risk of failure)
Confirm with . or Enter, or press ? or * to list all spells.
You are still too unstable to blink.
Unknown command.
Unknown command.
You feel better. The cane toad stings you!
You die...
Your body crumbles into a pile of gold.

## ### ###.# #.### # ...#.##
#... .. ....... ####.## .#
...#P.#.##.#@..##.#.##
#......#.....F......#..#####
#.#.####.ยง.####........#
#..### ##.## ####D##..#
###..#.####.# .. ##.#
#...........# #.. #.##
.............### ##. #..#
#.##..#.###..# #.# #.## .
##...###.## #.# ##.##


You could see a cane toad.

Vanquished Creatures
  Erolcha (D:9)
  A death yak (D:10)
  A manticore (D:10)
  Maurice (D:8)
  An unseen horror (D:10)
  A komodo dragon (Lair:1)
  A cane toad (Lair:1)
  3 kobold demonologists
  2 trolls (D:10)
  Prince Ribbit (D:8)
  3 blink frogs (Lair:1)
  A hornet (D:8)
  Sigmund (D:3)
  2 wyverns
  12 yaks
  Grum (D:8)
  3 basilisks
  A steam dragon (D:7)
  3 acid dragons (D:10)
  A water moccasin (Lair:1)
  4 black bears
  3 ice beasts
  A sky beast (D:8)
  11 orc warriors
  2 wolves (D:8)
  2 centaurs
  5 kobold brigands
  A gnoll sergeant (D:10)
  5 bullfrogs
  3 scorpions (D:7)
  15 killer bees
  7 electric eels (Bailey)
  A howler monkey (D:8)
  2 centaur zombies (Ossuary)
  7 orc priests
  2 hounds
  2 gnoll boudas
  2 jellies
  Crazy Yiuf (D:3)
  Ijyb (D:3)
  7 iguanas
  12 orc wizards
  2 mummies (Ossuary)
  6 adders
  14 gnolls
  A shadow imp (D:5)
  An ufetubus (D:4)
  An adder zombie (Ossuary)
  3 worms
  3 dart slugs
  45 orcs
  7 bats
  5 endoplasms
  5 giant cockroaches
  12 goblins
  10 hobgoblins
  A jackal (D:1)
  15 kobolds
  5 quokkas
  8 ball pythons
  6 frilled lizards
  3 goblin zombies (Ossuary)
  10 hobgoblin zombies (Ossuary)
  2 jackal zombies (Ossuary)
  12 kobold zombies (Ossuary)
  5 orc zombies (Ossuary)
  3 rats
  A rat zombie (Ossuary)
323 creatures vanquished.

Vanquished Creatures (others)
  A human (D:4)
1 creature vanquished.

Grand Total: 324 creatures vanquished

Notes
Turn   | Place    | Note
-------+----------+-------------------------------------------
     0 | D:1      | CrazyMind the Demonspawn Venom Mage began the quest for the
                  | Orb.
     0 | D:1      | Reached XP level 1. HP: 13/13 MP: 3/3
   455 | D:1      | Gained mutation: You regenerate a little health from kills.
                  | [demonic ancestry]
   455 | D:1      | Reached XP level 2. HP: 19/19 MP: 1/5
   501 | D:1      | Learned a level 2 spell: Poisonous Vapours
   646 | D:1      | Reached skill level 1 in Transmutations
   887 | D:1      | Found Tauziag's General Store.
   894 | D:1      | Gained mutation: You have a pair of small antennae on your
                  | head. [demonic ancestry]
   894 | D:1      | Reached XP level 3. HP: 23/24 MP: 4/6
   917 | D:1      | Bought a potion of heal wounds for 50 gold pieces
  1282 | D:2      | Learned a level 3 spell: Mephitic Cloud
  2079 | D:2      | Reached XP level 4. HP: 31/31 MP: 7/7
  2252 | D:3      | Found a faded altar of an unknown god.
  2331 | D:3      | Learned a level 2 spell: Blink
  2359 | D:3      | Noticed Sigmund
  2427 | D:3      | Noticed Ijyb
  2446 | D:3      | Killed Ijyb
  2645 | D:4      | Found a shimmering blue altar of Sif Muna.
  2717 | D:4      | Noticed a bullfrog
  2728 | D:4      | Killed a bullfrog
  2729 | D:4      | Reached XP level 5. HP: 11/36 MP: 3/9
  2937 | D:4      | Found a transporter.
  2937 | D:4      | Noticed vvlvvlvvl's ghost (weakling DsEE)
  2969 | D:4      | Found an ancient bone altar of Kikubaaqudgha.
  2969 | D:4      | Noticed a human
  2973 | D:4      | Killed a human
  3037 | D:4      | Noticed a phantom
  3060 | D:4      | Found a transporter.
  3182 | D:4      | Found a staircase to the Ecumenical Temple.
  3192 | Temple   | Entered the Ecumenical Temple
  3885 | D:5      | Entered Level 5 of the Dungeon
  4015 | D:5      | Noticed a black bear
  4150 | D:5      | Found a runed translucent door.
  4153 | D:5      | Noticed otna's ghost (novice DENe)
  4160 | D:5      | Noticed an ogre
  4185 | D:5      | Noticed a black bear
  4191 | D:5      | Gained mutation: You have a somewhat thin skeletal
                  | structure. (Dex +2, Stealth+) [demonic ancestry]
  4191 | D:5      | Reached XP level 6. HP: 40/42 MP: 7/11
  4756 | D:5      | HP: 2/42 [iguana (14)]
  5124 | D:5      | Learned a level 4 spell: Olgreb's Toxic Radiance
  5341 | D:5      | Reached XP level 7. HP: 33/47 MP: 9/14
  6143 | D:5      | Reached skill level 5 in Poison Magic
  6410 | D:5      | Reached skill level 1 in Fighting
  6410 | D:5      | Reached skill level 5 in Spellcasting
  6792 | D:6      | Identified the +5 flail of the End of Times {antimagic, rC+
                  | SInv}
  6981 | D:6      | Found an opulent altar of Gozag.
  7006 | D:6      | Became a worshipper of Gozag Ym Sagoz the Greedy
  7110 | D:6      | Reached skill level 1 in Air Magic
  7278 | D:6      | Reached XP level 8. HP: 52/54 MP: 9/16
  7373 | D:6      | Identified the +2 whip of Uncomfortable Rashes {freeze,
                  | +Blink rPois rN+++ Will-}
  8290 | D:3      | Found a runed translucent door.
  8291 | D:3      | Noticed Crazy Yiuf
  8309 | D:3      | Killed Crazy Yiuf
  8833 | D:3      | Killed Sigmund
  8834 | D:3      | Reached skill level 1 in Evocations
  8945 | D:7      | Identified a scroll of acquirement
  8945 | D:7      | Acquired 1274 gold pieces
  9119 | D:7      | Reached skill level 1 in Short Blades
  9235 | D:7      | Gained mutation: You have a pair of antennae on your head.
                  | [demonic ancestry]
  9235 | D:7      | Reached XP level 9. HP: 35/59 MP: 5/18
  9274 | D:7      | Found a flagged portal.
  9305 | Bailey   | Entered a bailey
  9680 | Bailey   | Reached skill level 1 in Maces & Flails
 10317 | Bailey   | Noticed a kobold demonologist
 10356 | Bailey   | Killed a kobold demonologist
 10559 | Bailey   | Found an iron altar of Okawaru.
 10563 | Bailey   | Noticed a kobold demonologist
 10565 | Bailey   | Identified the +3 scale mail of Painted Leaves {Int+4}
 10579 | Bailey   | Killed a kobold demonologist
 10912 | D:7      | Acquired a staff of poison
 11050 | D:7      | Reached XP level 10. HP: 67/67 MP: 11/21
 11472 | D:8      | Found Ylez's Antique Armour Boutique.
 11505 | D:8      | Noticed Grum
 11536 | D:8      | Killed Grum
 11537 | D:8      | Reached skill level 1 in Staves
 11688 | D:8      | Found a blossoming altar of Fedhas.
 11689 | D:8      | Found a broken altar of Ashenzari.
 11711 | D:8      | Found a sand-covered staircase.
 11718 | Ossuary  | Entered an ossuary
 12558 | D:8      | Noticed Maurice
 12566 | D:8      | Noticed Prince Ribbit
 12574 | D:8      | Killed Maurice
 12583 | D:8      | Killed Prince Ribbit
 12584 | D:8      | Reached skill level 1 in Conjurations
 13249 | D:9      | Noticed Erolcha
 13358 | D:10     | Entered Level 10 of the Dungeon
 13623 | D:10     | Reached skill level 1 in Throwing
 13742 | D:10     | Reached skill level 10 in Poison Magic
 13875 | D:10     | Reached skill level 5 in Stealth
 13876 | D:10     | Gained mutation: You have a pair of large antennae on your
                  | head. (SInv) [demonic ancestry]
 13876 | D:10     | Reached XP level 11. HP: 73/73 MP: 9/24
 13885 | D:10     | Noticed a white ugly thing
 14167 | D:10     | Noticed a skeletal warrior
 14168 | D:10     | Noticed a skeletal warrior
 14169 | D:10     | Noticed a skeletal warrior
 14330 | D:9      | Killed Erolcha
 14936 | D:10     | Noticed a death yak
 14941 | D:10     | Reached skill level 10 in Spellcasting
 14949 | D:10     | Killed a death yak
 14955 | D:10     | Found a staircase to the Lair.
 15086 | Lair:1   | Entered Level 1 of the Lair of Beasts
 15333 | D:10     | Learned a level 2 spell: Ensorcelled Hibernation
 15400 | Lair:1   | Reached skill level 1 in Ice Magic
 15666 | Lair:1   | Noticed an eight-headed hydra
 15719 | Lair:1   | Reached skill level 1 in Hexes
 15869 | Lair:1   | Slain by a cane toad

Illustrated notes

Levels and vault maps discovered:
D:1:      nzn_arrival_crosshair, layout_loops_cross, serial_shops, shop,
          st_stairs_10, minmay_crystal_water, hangedman_abyss_or_decor_stabs
D:2:      layout_basic, minivault_24, hangedman_abyss_or_decor_lesser_grid,
          nicolae_figureground_pulse
D:3:      layout_loops_corners, chequers_ecumenical_altar_island, uniq_ijyb,
          uniq_crazy_yiuf_cottage, uniq_sigmund
D:4:      layout_basic, nicolae_sif_muna_condensation, tgw_kikubaaqudgha,
          minmay_temple_entry_wispy, gammafunk_ghost_mausoleum
D:5:      layout_loops_corners, mainiacjoe_overflow_paths,
          ebering_ghost_inner_flame
D:6:      layout_cave_pools, nicolae_gozag_seed_capital
D:7:      layout_basic, enter_bailey_4
D:8:      layout_loops_ring, chequers_temple_overflow_statue_of_worship,
          serial_shops, shop, enter_ossuary_5, uniq_prince_ribbit1, uniq_grum,
          uniq_maurice
D:9:      layout_basic, uniq_erolcha
D:10:     layout_long_grid, david_lair_generic, minmay_increasing_density
Temple:   nicolae_temple_elliptical
Lair:1:   layout_loops_ring

Skill      XL: |  1  2  3  4  5  6  7  8  9 10 11 |
---------------+----------------------------------+-----
Dodging        | 2 3 4 |  4.5
Transmutations | 1 2 3 |  3.8
Stealth        | 2 4 5 |  5.3
Poison Magic   | 4 5 7 9 10 | 10.8
Spellcasting   | 3 4 5 6 7 9 10 | 10.6
Fighting       | 1 2 3 |  3.1
Air Magic      | 1 2 3 |  3.3
Evocations     | 1 |  1.8
Short Blades   | 1 2 |  2.8
Maces & Flails | 1 |  1.5
Staves         | 1 2 |  2.0
Conjurations   | 1 |  1.8
Throwing       | 1 |  1.0
Ice Magic      | 1 |  1.1
Hexes          | 1 |  1.0
Translocations | |  0.5

Action                     |  1- 3 |  4- 6 |  7- 9 | 10-12 || total
---------------------------+-------+-------+-------+-------++-------
  Melee: Unarmed           |    21 |       |       |       ||    21
         Short sword       |    29 |    45 |       |   159 ||   233
         Club              |     2 |       |       |       ||     2
         Dagger            |       |    24 |    41 |     9 ||    74
         Whip              |       |       |   136 |    10 ||   146
         Punch             |       |       |     2 |    11 ||    13
         Staff             |       |       |     6 |   136 ||   142
  Throw: Boomerang         |       |     3 |     7 |     4 ||    14
   Cast: Sting             |    75 |    80 |    54 |    23 ||   232
         Poisonous Vapours |       |     9 |    26 |     7 ||    42
         Mephitic Cloud    |       |     5 |    14 |    21 ||    40
         Blink             |       |     5 |     5 |     4 ||    14
         Olgreb's Toxic Ra |       |       |    21 |    36 ||    57
         Ensorcelled Hiber |       |       |       |     9 ||     9
Ability: Evoke Blink       |       |       |     1 |       ||     1
  Evoke: Wand              |       |     6 |    12 |    15 ||    33
    Use: Potion            |     1 |     2 |     2 |     2 ||     7
         Scroll            |       |       |    12 |     7 ||    19
   Stab: Sleeping          |    10 |     3 |     7 |    14 ||    34
         Confused          |       |     4 |     9 |    11 ||    24
         Distracted        |       |     1 |       |       ||     1
         Paralysed         |       |       |     3 |     4 ||     7
 Armour: Robe              |    11 |    10 |    42 |   102 ||   165
  Dodge: Dodged            |    53 |    61 |   124 |   237 ||   475
